AoeStats
← 17_Neo_

Arabia

509000942Analyzed
3v3 RM · 8d ago on Sep 25, 2026· 52m 52s· 6 players
Game mode
Random Map
Map size
Normal (6 player)
Population
200
Speed
Normal
Resources
Standard
Victory
Conquest
Starting age
Dark Age
Ending age
Imperial Age
RankedLock teamsTeams togetherTeam positionsShared explorationLock speedFull tech treeHidden civsTurbo modeCheats
Victory
Defeat
🇨🇴 Maya · Colombia
1391
+11
🇨🇴 Teutons · Colombia
1379
+11
🇨🇴 Lithuanians · Colombia
1257
+15
🇦🇷 Franks · Argentina
1312
-14
🇦🇷 Magyars · Argentina
1251
-12
🇦🇷 Inca · Argentina
1224
-11
17_Neo_
0:27 Loom
9:43 Feudal Age
10:11 Double-Bit Axe
11:45 Fletching
15:58 Horse Collar
16:34 Padded Archer Armor
23:04 Castle Age
22:26 Gold Mining
23:58 Thumb Ring
23:35 Crossbowman
24:13 Bodkin Arrow
26:02 Ballistics
28:24 Leather Archer Armor
37:50 Imperial Age
37:06 Wheelbarrow
37:22 Bow Saw
37:51 Heavy Plow
38:36 Bracer
40:02 Chemistry
39:22 Arbalester
40:32 Squires
39:53 Pikeman
41:22 Forging
41:12 Scale Mail Armor
41:08 Halberdier
42:52 Iron Casting
43:14 Chain Mail Armor
43:58 Hand Cart
45:26 Blast Furnace
44:57 Ring Archer Armor
46:18 Plate Mail Armor
48:17 Conscription
47:44 Town Watch
48:32 Crop Rotation
47:59 Capped Ram
Mhao
10:59 Feudal Age
9:17 Loom
16:20 Castle Age
14:25 Double-Bit Axe
16:25 Pikeman
18:35 Wheelbarrow
19:25 Horse Collar
22:16 Gold Mining
25:05 Scale Barding Armor
26:54 Town Watch
27:35 Forging
27:47 Heavy Plow
30:13 Husbandry
31:27 Hand Cart
33:25 Bow Saw
34:38 Chain Barding Armor
34:54 Iron Casting
35:33 Town Patrol
37:09 Bloodlines
37:06 Stone Mining
42:41 Squires
45:15 Imperial Age
43:07 Scale Mail Armor
45:28 Cavalier
47:24 Conscription
48:51 Chain Mail Armor
52:49 Plate Barding Armor
54:20 Chemistry
RAGNAROK
13:11 Feudal Age
14:27 Wheelbarrow
18:23 Castle Age
16:10 Double-Bit Axe
16:45 Horse Collar
17:30 Bloodlines
18:33 Scale Barding Armor
22:56 Forging
25:43 Loom
27:13 Pikeman
28:54 Scale Mail Armor
31:04 Squires
34:52 Gold Mining
34:52 Stone Mining
36:36 Chain Mail Armor
36:56 Iron Casting
38:03 Bow Saw
42:14 Imperial Age
46:12 Padded Archer Armor
46:02 Fletching
45:56 Elite Skirmisher
48:49 Chemistry
48:09 Leather Archer Armor
47:49 Bodkin Arrow
49:35 Ring Archer Armor
49:33 Ballistics
49:48 Conscription
50:33 Two-Man Saw
52:30 Hand Cart
mdrocchi
6:20 Loom
8:55 Feudal Age
9:47 Double-Bit Axe
19:47 Castle Age
18:31 Scale Barding Armor
19:03 Gold Mining
20:58 Chain Barding Armor
24:16 Husbandry
28:21 Bow Saw
30:16 Forging
35:19 Scale Mail Armor
36:24 Iron Casting
39:45 Imperial Age
37:41 Fletching
37:54 Squires
39:11 Chain Mail Armor
39:35 Ordonnance Companies
39:51 Cavalier
42:03 Plate Barding Armor
42:18 Wheelbarrow
43:08 Blast Furnace
42:52 Town Watch
44:11 Plate Mail Armor
45:20 Devotion
45:38 Paladin
48:17 Bodkin Arrow
Duckmann23
6:00 Loom
9:09 Feudal Age
9:48 Double-Bit Axe
18:13 Castle Age
18:02 Bloodlines
18:08 Scale Barding Armor
20:20 Husbandry
26:07 Town Watch
27:39 Gold Mining
29:31 Gold Shaft Mining
30:35 Fletching
38:21 Wheelbarrow
40:23 Elite Skirmisher
44:25 Imperial Age
42:16 Horse Collar
46:59 Imperial Age
45:19 Bodkin Arrow
46:52 Bow Saw
47:46 Bracer
50:02 Conscription
50:10 Padded Archer Armor
50:38 Parthian Tactics
50:24 Town Patrol
53:19 Ballistics
bscan100
4:30 Loom
12:18 Feudal Age
13:15 Double-Bit Axe
13:15 Champi Runner
18:25 Padded Archer Armor
18:15 Fletching
19:47 Padded Archer Armor
24:47 Castle Age
23:00 Horse Collar
23:11 Gold Mining
23:42 Scale Mail Armor
24:14 Town Watch
24:48 Forging
24:50 Pikeman
26:06 Chain Mail Armor
26:31 Champi Warrior
27:11 Squires
28:53 Iron Casting
32:53 Wheelbarrow
32:18 Town Patrol
35:18 Bow Saw
36:11 Hand Cart
35:56 Town Patrol
37:37 Town Patrol
43:24 Imperial Age
43:27 Elite Champi Warrior
44:51 Plate Mail Armor
Connection lost

Rejoining the realm…

Still unreachable

The connection could not be restored.

Session expired

The server has moved on; the page needs a fresh start.